 Dungeon Crawl Stone Soup version 0.29-a0-275-g389c0b56f3 (webtiles) character file.

Game seed: 15322309360224325583

177 PaleWalker the Sneak (level 5, 0/26 HPs)
             Began as a Spriggan Enchanter on Mar 10, 2022.
             Slain by a gnoll
             ... wielding a +0 flail
              (14 damage)
             ... on level 3 of the Dungeon.
             The game lasted 00:05:55 (3789 turns).

PaleWalker the Sneak (Spriggan Enchanter)           Turns: 3789, Time: 00:05:56

Health: 0/26       AC:  2    Str:  4    XL:     5   Next: 31%
Magic:  10/10      EV: 17    Int: 16    God:
Gold:   127        SH:  0    Dex: 18    Spells: 7/9 levels left

rFire   . . .      SeeInvis +   a - +1 dagger
rCold   . . .      Faith    .   (no shield)
rNeg    . . .      Spirit   .   b - +0 robe
rPois   .          Reflect  .   s - +0 hat
rElec   .          Harm     .   (no cloak)
rCorr   .          Rampage  .   (gloves unavailable)
Will    .....                   (boots unavailable)
Stlth   ++++......              (no amulet)
HPRegen 0.08/turn               (no ring)
MPRegen 0.12/turn               (no ring)

@: very quick
A: very small, no large weapons, unfitting armour, see invisible, speed 3
a: no special abilities


You were on level 3 of the Dungeon.
You visited 1 branch of the dungeon, and saw 3 of its levels.

You collected 127 gold pieces.

Inventory:

Hand Weapons
 a - a +1 dagger (weapon)
Missiles
 d - 2 boomerangs (quivered)
 i - 2 throwing nets
Armour
 b - a +0 robe (worn)
 l - a +0 buckler
 s - a +0 hat (worn)
Scrolls
 e - a scroll of noise {unknown}
 f - 3 scrolls of teleportation {unknown}
 g - a scroll of immolation {unknown}
 k - a scroll of enchant armour {unknown}
 m - a scroll of amnesia {unknown}
 n - a scroll of fog {unknown}
 o - a scroll of blinking {unknown}
 r - a scroll of enchant weapon {unknown}
 u - 3 scrolls of identify {unknown}
 v - a scroll of fear {unknown}
Potions
 c - 2 potions of invisibility
 h - a potion of curing {unknown}
 j - 2 potions of haste {unknown}
 p - a potion of might {unknown}
 q - a potion of lignification {unknown}
 t - a potion of degeneration {unknown}


   Skills:
 - Level 2.2 Fighting
 - Level 3.3 Short Blades
 - Level 2.6 Dodging
 + Level 6.4 Stealth
 - Level 2.6 Spellcasting
 * Level 3.7 Hexes


You had 7 spell levels left.
You knew the following spells:

 Your Spells              Type           Power      Damage    Failure   Level
a - Ensorcelled Hibernat  Hex/Ice        16%        N/A       14%         2

Your spell library contained the following spells:

 Spells                   Type           Power      Damage    Failure   Level
 Confusing Touch          Hex            14%        N/A       12%         3
 Tukima's Dance           Hex            14%        N/A       12%         3
 Dazzling Flash           Conj/Hex       16%        N/A       26%         3
 Corpse Rot               Necr/Air       4%         N/A       28%         2
 Poisonous Vapours        Pois/Air       4%         N/A       28%         2


Dungeon Overview and Level Annotations

Branches:
Dungeon (3/15)

Altars:
Ashenzari
Zin


Innate Abilities, Weirdness & Mutations

You are very small and have problems with some larger weapons.
You are too small for most types of armour.
You have supernaturally acute eyesight. (SInv)
You cover ground extremely quickly. (Speed+++)


Message History

The gnoll is lightly wounded.
The gnoll closely misses you.
You hit the gnoll.
The gnoll is moderately wounded.
The gnoll closely misses you.
You hit the gnoll but do no damage.
The gnoll is moderately wounded.
You hit the gnoll.
The gnoll is heavily wounded.
The gnoll misses you.
You completely miss the gnoll.
The gnoll is heavily wounded.
The gnoll misses you.
You completely miss the gnoll.
The gnoll is heavily wounded.
The gnoll barely misses you.
You closely miss the gnoll.
The gnoll is heavily wounded.
The gnoll hits you with a +0 halberd!
You are too injured to fight recklessly!
You are too injured to fight recklessly!
You are too injured to fight recklessly!
There is an open door here.
You close the door.
There is an open door here.
You close the door.
You are too injured to fight recklessly!
You are too injured to fight recklessly!
The gnoll shouts!
You hit the gnoll.
The gnoll is lightly wounded.
The gnoll barely misses you.
You hit the gnoll.
The gnoll is moderately wounded.
The gnoll barely misses you.
You barely miss the gnoll.
The gnoll is moderately wounded.
The gnoll hits you with a +0 flail!
Ouch! That really hurt!
You die...

##...#.###.........# #..S..
##.##.# #########.## ####.#.
####.# ##...## #....#. ##'##
##.#.#.## #...... ##...##
##.##.##.## #....## ##.....##
#.###.###.# ##.#.# ##.......##
#(....###.#####.#.##
##.........###....###.....##.....
.+.........+....@g.............).
##.........###..>...............#
##.......####.#................#
##.....## #.................#.#
##...## ##.####..♣._.♣♣.#....
##'##### ### ###♣♣♣♣.#####.#
#.##.. ### #.# #.##.# #.#
#####g##.## #.#


You could see a gnoll.

Vanquished Creatures
  A jelly (D:3)
  Jessica (D:3)
  Terence (D:2)
  3 gnolls (D:2)
  An adder (D:3)
  3 dart slugs
  9 bats
  5 endoplasms
  A giant cockroach (D:1)
  3 goblins
  5 hobgoblins
  7 kobolds
  3 quokkas
  5 ball pythons
  2 frilled lizards
  4 rats
54 creatures vanquished.

Notes
Turn   | Place    | Note
-------+----------+-------------------------------------------
     0 | D:1      | PaleWalker the Spriggan Enchanter began the quest for the
                  | Orb.
     0 | D:1      | Reached XP level 1. HP: 9/9 MP: 5/5
   165 | D:1      | Reached XP level 2. HP: 14/14 MP: 6/6
   182 | D:1      | Found a faded altar of an unknown god.
   625 | D:1      | Reached skill level 5 in Stealth
   744 | D:1      | Reached skill level 1 in Fighting
  1133 | D:2      | Noticed Terence
  1492 | D:2      | Killed Terence
  1493 | D:2      | Reached XP level 3. HP: 5/18 MP: 8/8
  1506 | D:2      | Reached XP level 4. HP: 7/22 MP: 9/9
  2845 | D:3      | Reached skill level 6 in Stealth
  2877 | D:3      | Found a glowing silver altar of Zin.
  2880 | D:3      | Reached XP level 5. HP: 26/26 MP: 10/10
  3048 | D:3      | Found a broken altar of Ashenzari.
  3253 | D:3      | Noticed Jessica
  3260 | D:3      | Killed Jessica
  3267 | D:3      | Learned a level 2 spell: Ensorcelled Hibernation
  3789 | D:3      | Slain by a gnoll

Illustrated notes

Levels and vault maps discovered:
D:1:      dpeg_arrival_solitude, layout_basic,
          shapermc_ecumenical_altar_totnotflames
D:2:      layout_basic, minmay_tromino_i4, uniq_terence
D:3:      layout_loops_corners, zin_academy, nicolae_ashenzari_skybound,
          uniq_jessica

Skill      XL: |  1  2  3  4 |
---------------+-------------+-----
Stealth        | 5 6 |  6.4
Fighting       | 1 2 |  2.2
Short Blades   | 2 3 |  3.3
Dodging        | |  2.6
Spellcasting   | |  2.6
Hexes          | |  3.7

Action                   |  1- 3 |  4- 6 || total
-------------------------+-------+-------++-------
Melee: Dagger            |    77 |    85 ||   162
       Punch             |     2 |       ||     2
  Use: Potion            |     1 |       ||     1
 Stab: Sleeping          |     6 |    15 ||    21
       Invisible         |     3 |     1 ||     4
       Distracted        |       |     2 ||     2
Armor: Robe              |     5 |     4 ||     9
Dodge: Dodged            |    83 |    36 ||   119

Table legend: (Time is in decaauts)
 A = Elapsed time spent in this place.
 B = Non-inter-level travel time spent in this place.
 C = Inter-level travel time spent in this place.
 D = Time resting spent in this place.
 E = Time spent auto-exploring this place.
 F = Levels seen in this place.
 G = Mean time per level.
                   A        B        C        D        E       F      G
               +--------+--------+--------+--------+--------+-----+--------+
         Total |   2892 |   2857 |     35 |    864 |   1458 |   3 |  964.0 |
       Dungeon |   2892 |   2857 |     35 |    864 |   1458 |   3 |  964.0 |
               +--------+--------+--------+--------+--------+-----+--------+

Top non-repeatable levels by time:
     D:2: 1138 daAuts
     D:3: 911 daAuts
     D:1: 842 daAuts
